 Dungeon Crawl Stone Soup version 0.19-a0-1268-g6c5d9f8 (webtiles) character file.

1431 TheGoonsmith the Gusty (level 8, -1/52 HPs)
             Began as a High Elf Air Elementalist on Aug 29, 2016.
             Was a Follower of Vehumet.
             Killed from afar by an electric eel (12 damage)
             ... with a bolt of electricity
             ... on level 7 of the Dungeon.
             The game lasted 00:21:03 (7694 turns).

TheGoonsmith the Gusty (High Elf Air Elementalist)  Turns: 7694, Time: 00:21:05

Health: -1/52      AC:  3    Str:  7    XL:     8   Next: 45%
Magic:  8/16       EV: 15    Int: 20    God:    Vehumet [*.....]
Gold:   430        SH:  0    Dex: 19    Spells: 5 memorised, 4 levels left

rFire  . . .     SeeInvis .     v - +1 morningstar
rCold  . . .     Gourm    +     a - +0 robe
rNeg   . . .     Faith    .     (no shield)
rPois  .         Spirit   .     s - +0 helmet
rElec  .         Dismiss  .     (no cloak)
rCorr  .         Reflect  .     (no gloves)
MR     .....     Harm     .     (no boots)
Stlth  ++........               d - amulet of the gourmand
                                i - +2 ring of dexterity
                                (no ring)

@: repel missiles
A: no striking features
a: Renounce Religion


You were on level 7 of the Dungeon.
You worshipped Vehumet.
Vehumet was aware of your devotion.
You were completely stuffed.

You visited 2 branches of the dungeon, and saw 8 of its levels.

You collected 430 gold pieces.

Inventory:

Hand Weapons
 e - a +0 club
 v - a +1 morningstar (weapon)
 B - a +0 blowgun
Missiles
 F - 40 poisoned needles
Armour
 a - a +0 robe (worn)
 q - the +0 chain mail of the Hidden Planets {rPois Str+3 Int+5}
   (You found it on level 5 of the Dungeon)

   It affects your strength (+3).
   It affects your intelligence (+5).
   It protects you from poison.
 s - a +0 helmet (worn)
 D - a +0 shield
Rods
 C - a +1 rod of ignition (10/10)
   (You found it on level 7 of the Dungeon)
Jewellery
 d - an amulet of the gourmand (around neck)
 i - a +2 ring of dexterity (right hand)
 u - an uncursed amulet of guardian spirit
 y - a cursed ring of loudness {unknown}
Scrolls
 f - a scroll of blinking
 n - a scroll of fear
 r - a scroll of identify
 A - a scroll of remove curse
Potions
 h - a potion of mutation
 l - a potion of resistance {unknown}
 m - 4 potions of curing
 o - 2 potions of agility {unknown}
 t - a potion of ambrosia {unknown}
 w - a potion of brilliance {unknown}
 z - a potion of berserk rage {unknown}
Books
 b - a book of Air

   Spells                             Type                      Level
   a - Shock                          Conjuration/Air              1
   b - Swiftness                      Charms/Air                   2
   c - Repel Missiles                 Charms/Air                   2
   d - Static Discharge               Conjuration/Air              3
   e - Lightning Bolt                 Conjuration/Air              5
 p - a book of Frost

   Spells                             Type                      Level
   a - Freeze                         Ice                          1
   b - Throw Frost                    Conjuration/Ice              2
   c - Ozocubu's Armour               Charms/Ice                   3
   d - Throw Icicle                   Conjuration/Ice              4
   e - Summon Ice Beast               Ice/Summoning                4
Comestibles
 c - 3 bread rations
 g - a beef jerky
 j - a royal jelly
 k - a slice of pizza
 x - 3 meat rations


   Skills:
 + Level 3.3 Fighting
 + Level 4.4 Dodging
 - Level 2.1 Stealth
 - Level 5.1 Spellcasting
 - Level 5.5 Conjurations
 - Level 5.5 Charms
 - Level 6.1 Air Magic


You had 4 spell levels left.
You knew the following spells:

 Your Spells              Type           Power        Failure   Level  Hunger
a - Shock                 Conj/Air       ####         1%          1    None
e - Swiftness             Chrm/Air       ####....     1%          2    None
f - Lightning Bolt        Conj/Air       ####......   30%         5    #####..
r - Repel Missiles        Chrm/Air       ####..       1%          2    None
s - Static Discharge      Conj/Air       ####....     3%          3    ##.....


Dungeon Overview and Level Annotations

Branches:
Dungeon (7/15)             Temple (1/1) D:5

Altars:
Dithmenos
Gozag
Makhleb
Ru
Sif Muna
Vehumet

Shops:
D:4 %


Message History

Casting: Static Discharge
Confirm with . or Enter, or press ? or * to list all spells.
The iguana is struck by lightning.
You kill the iguana!
Vehumet accepts your kill.
The lightning arcs!
You are struck by lightning.
The lightning arcs!
You hit the electric eel.
The electric eel is moderately wounded.
The electric eel shoots out a bolt of lightning at you!
The bolt of electricity hits you!
You miss the electric eel.
The electric eel is moderately wounded.
The electric eel shoots out a bolt of lightning at you!
The bolt of electricity misses you.
There is a stone staircase leading up here.
The electric eel shoots out a bolt of lightning at you!
The bolt of electricity hits you!
* * * LOW HITPOINT WARNING * * *
The bolt of electricity hits you!
You die...

......#......## ##....#
#...##
.....##........##....#
##...#
.....##.............##
##...
............≈≈≈!.....##
#.[.
.........≈≈≈≈#≈.......###
##...
......≈≈≈≈#≈≈≈≈.........#
......
......≈#≈≈≈≈#≈≈≈†........
......
......≈≈≈#≈≈≈≈#≈.<.#
###### .......≈≈
#≈≈≈;@..#
..####.≈#≈≈≈≈#≈≈≈...# ###
.≈ ≈#≈≈≈≈#≈....... #
≈≈≈#≈≈≈≈.#.....# ..#
#≈≈≈≈....##....#########
.... ≈≈....####
#.......^.... .... .....#
(..######### #### ##..#
..# # #


You could see an electric eel.

Vanquished Creatures
  Prince Ribbit (D:7)
  An orc warrior (D:3)
  2 ogres (D:6)
  A big kobold (D:6)
  A gnoll sergeant (D:7)
  A scorpion (D:6)
  A howler monkey (D:5)
  2 giant frog zombies (D:5)
  A crimson imp (D:5)
  A giant frog skeleton (D:4)
  6 hounds
  2 iguanas
  A centaur skeleton (D:5)
  An orc wizard (D:7)
  3 worker ants
  A killer bee zombie (D:6)
  Robin (D:2)
  4 gnolls (D:7)
  6 adders
  A howler monkey skeleton (D:6)
  An adder zombie (D:5)
  An adder skeleton (D:5)
  4 worms (D:3)
  3 dart slugs
  A giant gecko (D:4)
  8 orcs
  6 bats
  7 giant cockroaches
  17 hobgoblins
  10 jackals
  4 quokkas
  A giant gecko skeleton (D:5)
  4 giant newts
  11 goblins
  A jackal skeleton (D:4)
  A jackal zombie (D:5)
  14 kobolds
  2 quokka skeletons
  2 quokka zombies (D:6)
  10 rats
146 creatures vanquished.

Notes
Turn   | Place    | Note
-------+----------+-------------------------------------------
     0 | D:1      | TheGoonsmith the High Elf Air Elementalist began the quest for the Orb.
     0 | D:1      | Reached XP level 1. HP: 11/11 MP: 4/4
   287 | D:1      | Reached XP level 2. HP: 17/17 MP: 3/6
   866 | D:1      | Reached XP level 3. HP: 19/21 MP: 1/8
   939 | D:1      | Found a burning altar of Makhleb.
  1067 | D:2      | Learned a level 3 spell: Static Discharge
  1158 | D:2      | Reached skill level 4 in Air Magic
  1468 | D:2      | Found a deep blue altar of Sif Muna.
  1662 | D:2      | Reached XP level 4. HP: 25/27 MP: 4/9
  1696 | D:2      | Noticed Robin
  1699 | D:2      | Killed Robin
  2058 | D:3      | Noticed an orc warrior
  2126 | D:3      | Killed an orc warrior
  2126 | D:3      | Reached XP level 5. HP: 22/31 MP: 1/11
  2443 | D:3      | Reached skill level 5 in Air Magic
  2747 | D:3      | Learned a level 5 spell: Lightning Bolt
  2750 | D:3      | Learned a level 2 spell: Swiftness
  3468 | D:4      | Found a shadowy altar of Dithmenos.
  3482 | D:4      | Reached XP level 6. HP: 36/36 MP: 11/13
  3497 | D:4      | Learned a level 2 spell: Repel Missiles
  3562 | D:4      | Reached skill level 1 in Charms
  3737 | D:4      | Found Nouzanut's Food Boutique.
  4186 | D:5      | Entered Level 5 of the Dungeon
  4851 | D:5      | Found a staircase to the Ecumenical Temple.
  4961 | Temple   | Entered the Ecumenical Temple
  4975 | Temple   | Became a worshipper of Vehumet
  5080 | D:5      | Got a jewelled chain mail
  5081 | D:5      | Identified the +0 chain mail of the Hidden Planets {rPois Str+3 Int+5} (You found it on level 5 of the Dungeon)
  5364 | D:6      | Reached XP level 7. HP: 38/41 MP: 10/14
  5434 | D:6      | Found a radiant altar of Vehumet.
  5489 | D:6      | Reached skill level 5 in Charms
  5811 | D:6      | Reached skill level 5 in Conjurations
  6185 | D:6      | Reached skill level 6 in Air Magic
  6357 | D:6      | Reached skill level 5 in Spellcasting
  6692 | D:7      | Reached XP level 8. HP: 47/47 MP: 9/16
  6717 | D:7      | Noticed Prince Ribbit
  6732 | D:7      | Killed Prince Ribbit
  6732 | D:7      | Reached * piety under Vehumet
  6732 | D:7      | Offered knowledge of Sting by Vehumet.
  7694 | D:7      | Killed from afar by an electric eel

Vault maps used:
D:1:      evilmike_arrival_plus, kennysheep_flooded_box, st_stairs_14,
          minmay_misc_feat_x
D:2:      lemuel_blue_sif_altar, first_bread, uniq_robin
D:3:      kb_forest_paths, hangedman_decor_peaks_small, minmay_misc_feat_columns
D:4:      serial_shops, nicolae_shop_stone,
          nicolae_dithmenos_through_a_glass_darkly
D:5:      kennysheep_small_square
D:6:      basic_altar, kennysheep_opposing_triangles
D:7:      grunt_qazlal_clouds, nicolae_lava_and_water, dk_rats_in_the_wall,
          uniq_prince_ribbit1
Temple:   eino_temple_scatter_basement

Skill      XL: |  1  2  3  4  5  6  7  8 |
---------------+-------------------------+-----
Conjurations   | 2 4 5 |  5.5
Spellcasting   | 3 4 5 |  5.1
Air Magic      | 4 5 6 |  6.1
Charms         | 4 5 |  5.5
Fighting       | 3 |  3.3
Dodging        | 4 |  4.4
Stealth        | |  2.1

Action                   |  1- 3 |  4- 6 |  7- 9 || total
-------------------------+-------+-------+-------++-------
Melee: Unarmed           |     5 |       |       ||     5
       Club              |    11 |     2 |       ||    13
       Morningstar       |       |    10 |     6 ||    16
 Cast: Shock             |    86 |   152 |   110 ||   348
       Static Discharge  |     2 |     4 |    22 ||    28
       Repel Missiles    |       |     1 |       ||     1
  Use: Scroll            |       |    14 |       ||    14
  Eat: Chunk             |     2 |    10 |    15 ||    27
       Bread ration      |       |     1 |       ||     1
Armor: Robe              |     3 |     4 |     3 ||    10
Dodge: Dodged            |    21 |    25 |    23 ||    69
       Deflected         |       |       |     1 ||     1
